 Dungeon Crawl Stone Soup version 0.20.1-1-g8b1a95d (webtiles) character file.

295717 wolfsongas the Warrior (level 20, -11/204 HPs)
             Began as a Gargoyle Fighter on Aug 1, 2017.
             Was the Champion of Vehumet.
             Mangled by a vault warden
             ... wielding a +0 halberd
              (22 damage)
             ... on level 5 of the Vaults.
             The game lasted 02:24:06 (38070 turns).

wolfsongas the Warrior (Gargoyle Fighter)          Turns: 38070, Time: 02:24:07

Health: -11/204    AC: 32    Str: 45    XL:     20   Next: 89%
Magic:  40/40      EV:  2    Int: 12    God:    Vehumet [******]
Gold:   103        SH: 18    Dex:  9    Spells: 24/33 levels left

rFire    . . .     SeeInvis +   t - +8 war axe "Deorraro" {freeze, rN+ MP+9 Str+7}
rCold    . . .     Gourm    .   c - +1 shield
rNeg     + + +     Faith    +   (armour currently unavailable)
rPois    ∞         Spirit   .   (helmet currently unavailable)
rElec    .         Reflect  .   (cloak currently unavailable)
rCorr    .         Harm     .   (gloves currently unavailable)
MR       .....     NoTele   +   (boots currently unavailable)
Stlth    ++........             S - amulet of Gajyfi Ukhlin {Faith SInv Stlth+}
Regen    0.5/turn               i - +5 ring of strength
MPRegen  0.3/turn               X - ring "Weaxiq" {AC+2 Str+5}

@: tree-form, vulnerable
A: clever 1, mutation resistance 1, negative energy resistance 1, petrification
resistance, no potion heal 1, rot immunity, AC +15
}: 2/15 runes: barnacled, gossamer
a: Renounce Religion


You were on level 5 of the Vaults.
You worshipped Vehumet.
Vehumet was exalted by your worship.
You were not hungry.
You were a tree.
You visited 8 branches of the dungeon, and saw 40 of its levels.
You visited 1 bazaar.
You also visited: Labyrinth.

You collected 4163 gold pieces.
You spent 4060 gold pieces at shops.

Inventory:

Hand Weapons
 j - the +5 pair of quick blades "Gyre" and "Gimble" {pierce, Dex-3}
   (You found it on level 11 of the Dungeon)

   It inflicts extra damage upon your enemies.
   It affects your dexterity (-3).
 k - a +0 broad axe of venom
 t - the +8 war axe "Deorraro" (weapon) {freeze, rN+ MP+9 Str+7}
   (You found it on level 6 of the Dungeon)

   It has been specially enchanted to freeze those struck by it, causing extra
   injury to most foes and up to half again as much damage against particularly
   susceptible opponents.
   It can also slow down cold-blooded creatures.
   It affects your strength (+7).
   It protects you from negative energy.
   It affects your magic capacity (+9).
Armour
 a - +2 gold dragon scales (melded)
 c - a +1 shield (worn)
 w - a scarf of repulsion (melded)
 z - a +0 large shield of reflection
 E - a +2 helmet (melded)
 L - a +0 pair of gloves (melded)
 R - a scarf of resistance
Jewellery
 i - a +5 ring of strength (left branch)
 u - an uncursed ring of positive energy
 A - an uncursed amulet of regeneration
 N - an uncursed ring of resist corrosion
 S - the amulet of Gajyfi Ukhlin (around neck) {Faith SInv Stlth+}
   (You found it on level 14 of the Dungeon)

   [amulet of faith]

   It allows you to gain divine favour quickly.
   It lets you see invisible.
   It makes you more stealthy.
 X - the ring "Weaxiq" (right branch) {AC+2 Str+5}
   (You found it on level 4 of the Shoals)

   [ring of protection]

   It affects your AC (+2).
   It affects your strength (+5).
Wands
 d - a wand of disintegration (11/24)
 h - a wand of iceblast (10/15)
 n - a wand of lightning (8/15)
 p - a wand of flame (35/48)
 q - a wand of digging (0/24)
 v - a wand of lightning (7/15)
 D - a wand of lightning (9/15)
 O - a wand of lightning (11/15)
 P - a wand of acid (8/15)
 W - a wand of flame (33/48)
Scrolls
 g - 5 scrolls of identify
 l - 3 scrolls of fog
 s - 17 scrolls of remove curse
 F - 9 scrolls of enchant weapon
 J - 2 scrolls of recharging
Potions
 b - a potion of agility
 m - 2 potions of lignification
 o - 7 potions of curing
 x - 2 potions of magic
 B - 3 potions of cancellation
 I - 2 potions of brilliance
 U - a potion of invisibility
Miscellaneous
 V - a box of beasts
Comestibles
 C - 17 royal jellies
 G - 4 bread rations


   Skills:
 + Level 18.2 Fighting
 - Level 15.4(16.1) Axes
   Level 9.0(13.8) Maces & Flails
 + Level 16.4 Armour
 + Level 11.2 Dodging
 - Level 0.5 Stealth
 * Level 17.6 Shields
 - Level 7.3 Spellcasting


You had 24 spell levels left.
You knew the following spells:

 Your Spells              Type           Power        Failure   Level  Hunger
a - Blink                 Tloc           N/A          24%         2    #......
b - Apportation           Tloc           #.....       16%         1    None
c - Bolt of Cold          Conj/Ice       #.........   99%         6    #######


Dungeon Overview and Level Annotations

Branches:
Dungeon (15/15)            Temple (1/1) D:5            Lair (6/6) D:10
 Shoals (4/4) Lair:3       Spider (4/4) Lair:3        Slime (0/5) Lair:6
    Orc (2/2) D:10            Elf (3/3) Orc:2        Vaults (5/5) D:13
  Crypt (0/3) Vaults:3     Depths (0/5) D:15

Altars:
Ashenzari
Cheibriados
Dithmenos
Elyvilon
Fedhas
Gozag
Hepliaklqana
Kikubaaqudgha
Makhleb
Nemelex Xobeh
Okawaru
Qazlal
Ru
Sif Muna
Trog
Uskayaw
Vehumet
Xom
Yredelemnul
Zin
The Shining One
Beogh

Shops:
D:6 [   D:7 ?   D:9 [[:*(   D:11 *=*   Orc:2 ([(%   Elf:1 ?   Shoals:2 %
Shoals:3 }   Vaults:1 }   Vaults:5 !

Portals:
Trove: D:14 (give 2 scrolls of acquirement)


Innate Abilities, Weirdness & Mutations

You are resistant to torment.
((Your stone body is resilient. (AC +15)))
You are immune to poison.
((Your large and strong wings let you fly indefinitely.))
You resist negative energy. (rN+)
((You are resistant to electric shocks. (rElec)))
((You can survive without breathing.))
You are immune to petrification.
You are immune to rotting.
Your mind is acute. (Int +2)
((Your flesh is heat resistant. (rF+)))
You are somewhat resistant to further mutation.
Potions are less effective at restoring your health.


Message History

You slash the yaktaur captain! You freeze the yaktaur captain.
You kill the yaktaur captain!
Vehumet accepts your kill.
The storm dragon breathes lightning at you.
Helpless, you fail to dodge the bolt of lightning.
* * * LOW HITPOINT WARNING * * *
As you read the scroll of vulnerability, it crumbles to dust.
Magic quickly surges around you. You block the vault warden's attack.
The tengu reaver hits you from afar with a bardiche of flaming!
* * * LOW HITPOINT WARNING * * *
The tengu reaver burns you.
* * * LOW HITPOINT WARNING * * *
The storm dragon bites you but does no damage.
The storm dragon claws you but does no damage.
You block the storm dragon's attack.
You slice the storm dragon!! You freeze the storm dragon.
The storm dragon is heavily wounded.
You slice the ironbrand convoker!! You freeze the ironbrand convoker!
The vault warden hits you from afar with a halberd!!
You die...

###########
.........
........
......
.*p.# #Qp'#
#)Dp# #)♣)#
#)†.# #####


You could see a storm dragon, a vault warden, a tengu reaver, a vault sentinel,
an ironbrand convoker and a battlesphere.

Vanquished Creatures
  An ancient lich (Vaults:5)
  Nikola (Shoals:2)
  Rupert (Lair:5)
  Gastronok (Lair:1)
  Polyphemus (Shoals:2)
  The ghost of Zdeegee the Severer, an adept MiFi of Okawaru (Shoals:4)
  Ilsuiw (Shoals:4)
  A tengu reaver (Vaults:2)
  3 deep elf sorcerers
  2 ghost moths (Spider:4)
  6 emperor scorpions
  An orc warlord (Orc:2)
  6 ironheart preservers
  A deep elf elementalist (Elf:3)
  2 very ugly things
  An entropy weaver (Vaults:3)
  A stone giant (Vaults:3)
  2 deep elf demonologists (Elf:3)
  A dire elephant (Lair:2)
  2 deep elf annihilators (Elf:3)
  2 spark wasps (Spider:4)
  A minotaur (Lab)
  2 deep elf death magi
  3 ettins
  3 merfolk javelineers (Shoals:4)
  2 fire dragons
  7 merfolk impalers
  2 yaktaur captains
  The ghost of Zdeegee the Cleaver, a journeyman MiFi (D:10)
  20 vault guards (Vaults:5)
  2 ice dragons
  Harold (Lair:1)
  Fannar (Lair:1)
  2 great orbs of eyes (Vaults:1)
  2 hydras
  Erica (D:8)
  2 catoblepae
  5 merfolk aquamancers
  3 merfolk avatars
  9 centaur warriors
  3 alligator snapping turtles
  9 ogre magi
  10 death yaks
  2 deep troll shamans (Vaults:3)
  A death knight (Vaults:5)
  27 two-headed ogres
  3 tengu warriors (D:15)
  A satyr (Shoals:1)
  22 dancing weapons
  A deep troll earth mage (Vaults:3)
  5 orc high priests
  Urug (D:11)
  18 deep elf knights
  A shadow wraith (Vaults:3)
  A flayed ghost (Vaults:3)
  An unseen horror (shapeshifter) (Vaults:2)
  8 sea snakes
  6 unseen horrors
  11 deep elf archers
  A glowing orange brain (Vaults:2)
  8 deep trolls
  A lindwurm (Lair:6)
  47 deep elf magi
  3 ironbrand convokers
  A harpy (shapeshifter) (D:15)
  10 harpies
  4 wizards
  9 orc knights
  8 orc sorcerers
  5 orb spiders
  7 fauns
  An oklob plant (Lair:6)
  24 ugly things
  8 manticores
  6 cyclopes
  13 wolf spiders
  Maurice (D:13)
  36 elephants
  6 vault sentinels
  3 moths of wrath
  2 black mambas
  3 merfolk sirens
  5 water nymphs (Shoals:4)
  12 spiny frogs
  2 gargoyles
  A kobold demonologist (D:11)
  12 komodo dragons
  7 yaktaurs
  2 freezing wraiths
  7 rime drakes
  5 demonic crawlers
  25 merfolk
  2 tengu conjurers (D:15)
  12 trolls
  18 jumping spiders
  A queen bee (D:9)
  3 polar bears (Lair:6)
  Grinder (D:3)
  A raiju (shapeshifter) (Vaults:5)
  7 snapping turtles
  12 hornets
  Prince Ribbit (D:9)
  5 wind drakes
  A wind drake (shapeshifter) (Vaults:2)
  10 blink frogs
  15 hippogriffs
  10 slime creatures
  16 water elementals
  20 tarantellas
  A spriggan (Lair:2)
  2 air elementals (Elf:3)
  2 shadows
  8 wyverns
  43 redbacks
  A tarantella (shapeshifter) (D:15)
  A wraith (D:13)
  2 vampires
  30 yaks
  2 basilisks (shapeshifter)
  2 basilisks
  Grum (D:9)
  6 vampire mosquitoes
  3 fire elementals
  5 wargs
  10 water moccasins
  2 acid dragons
  6 porcupines
  A necrophage (D:7)
  4 sky beasts
  An eye of draining (shapeshifter) (Elf:1)
  50 orc warriors
  5 ice beasts
  A black bear (D:12)
  An eye of draining (D:9)
  21 ogres
  7 boggarts
  A phantom (D:11)
  20 centaurs
  10 wolves
  11 crocodiles
  4 big kobolds (D:11)
  2 earth elementals
  11 bullfrogs
  A wyvern skeleton (D:13)
  3 scorpions
  16 wights
  37 killer bees
  2 electric eels
  4 howler monkeys
  9 centaur skeletons
  A centaur zombie (D:10)
  9 crimson imps
  9 hounds
  27 orc priests
  2 bullfrog skeletons
  A gnoll shaman (D:7)
  21 orc wizards
  6 iguanas
  13 worker ants
  A bullfrog simulacrum (D:12)
  A worker ant zombie (D:8)
  10 adders
  11 gnolls
  A howler monkey skeleton (D:10)
  2 white imps (D:12)
  An adder zombie (D:10)
  6 worms
  4 dart slugs
  8 leopard geckos
  146 orcs
  4 giant cockroaches
  9 goblins
  11 hobgoblins
  14 jackals
  17 kobolds
  2 quokkas
  2 ball pythons
  A ball python skeleton (D:6)
  9 bats
  9 frilled lizards
  A leopard gecko zombie (D:9)
  A quokka skeleton (D:9)
  A quokka zombie (D:5)
  10 rats
  A bush (D:15)
  11 fungi
  9 plants
1399 creatures vanquished.

Vanquished Creatures (collateral kills)
  A merfolk javelineer (Shoals:4)
  A merfolk impaler (Shoals:4)
  A merfolk aquamancer (Shoals:4)
  A snapping turtle (Shoals:4)
4 creatures vanquished.

Vanquished Creatures (others)
  A deep elf archer (Elf:3)
  A centaur skeleton (D:13)
  A tengu conjurer (D:15)
  20 fungi
  26 plants
49 creatures vanquished.

Grand Total: 1452 creatures vanquished

Notes
Turn   | Place    | Note
-------+----------+-------------------------------------------
     0 | D:1      | wolfsongas the Gargoyle Fighter began the quest for the Orb.
     0 | D:1      | Reached XP level 1. HP: 14/14 MP: 1/1
   152 | D:1      | Reached XP level 2. HP: 16/19 MP: 2/2
   651 | D:1      | Reached XP level 3. HP: 22/23 MP: 3/3
  1417 | D:2      | Reached XP level 4. HP: 20/28 MP: 4/4
  2173 | D:3      | Reached skill level 5 in Maces & Flails
  2173 | D:3      | Reached XP level 5. HP: 25/32 MP: 5/5
  2372 | D:3      | Noticed Grinder
  2380 | D:3      | Paralysed by Grinder for 5 turns
  2404 | D:3      | Killed Grinder
  2404 | D:3      | Reached XP level 6. HP: 15/37 MP: 6/6
  2894 | D:4      | Reached XP level 7. HP: 40/41 MP: 7/7
  3407 | D:5      | Entered Level 5 of the Dungeon
  3487 | D:5      | Gained mutation: Your magical capacity is low. (-10% MP) [potion of mutation]
  3487 | D:5      | Gained mutation: You evolve. [potion of mutation]
  3498 | D:5      | Found a burning altar of Makhleb.
  3733 | D:5      | Found a staircase to the Ecumenical Temple.
  3755 | Temple   | Entered the Ecumenical Temple
  4177 | Temple   | Became a worshipper of Vehumet
  4306 | D:5      | You fall through a shaft for 3 floors!
  4608 | D:6      | Reached XP level 8. HP: 41/46 MP: 6/8
  4620 | D:6      | Reached skill level 1 in Spellcasting
  4651 | D:6      | Lost mutation: Your magical capacity is low. (-10% MP) [potion of mutation]
  4651 | D:6      | Lost mutation: You evolve. [potion of mutation]
  4651 | D:6      | Gained mutation: You are somewhat resistant to further mutation. [potion of mutation]
  4669 | D:6      | Got an ebony war axe
  4670 | D:6      | Identified the +8 war axe "Deorraro" {freeze, rN+ MP+9 Str+7} (You found it on level 6 of the Dungeon)
  4773 | D:6      | Lost mutation: You are somewhat resistant to further mutation. [potion of mutation]
  4773 | D:6      | Gained mutation: You occasionally shout uncontrollably at your foes. [potion of mutation]
  4773 | D:6      | Gained mutation: You evolve. [potion of mutation]
  4799 | D:6      | Lost mutation: You occasionally shout uncontrollably at your foes. [potion of mutation]
  4799 | D:6      | Lost mutation: You evolve. [potion of mutation]
  4799 | D:6      | Gained mutation: You occasionally shout uncontrollably at your foes. [potion of mutation]
  4799 | D:6      | Lost mutation: You occasionally shout uncontrollably at your foes. [potion of mutation]
  4799 | D:6      | Gained mutation: Your spells are a little harder to cast, but a little more powerful. [potion of mutation]
  4807 | D:6      | Reached skill level 1 in Axes
  5679 | D:6      | Found Xeisaso's Antique Armour Emporium.
  5722 | D:6      | Reached * piety under Vehumet
  5722 | D:6      | Offered knowledge of Sting by Vehumet.
  6179 | D:7      | Reached skill level 5 in Axes
  6212 | D:7      | Reached XP level 9. HP: 48/51 MP: 10/10
  6697 | D:7      | Reached ** piety under Vehumet
  6768 | D:7      | Offered knowledge of Throw Frost by Vehumet.
  6891 | D:7      | Found Tinado's Magic Scroll Shop.
  7044 | D:8      | Noticed a two-headed ogre
  7050 | D:8      | Killed a two-headed ogre
  7055 | D:8      | Noticed Erica
  7074 | D:8      | Killed Erica
  7074 | D:8      | Reached skill level 10 in Axes
  7074 | D:8      | Reached XP level 10. HP: 35/56 MP: 11/11
  7344 | D:8      | Noticed a two-headed ogre
  7348 | D:8      | Killed a two-headed ogre
  7351 | D:8      | You fall through a shaft!
  7356 | D:9      | Found Xeblev's Weapon Shop.
  7402 | D:9      | Offered knowledge of Dazzling Spray by Vehumet.
  7447 | D:9      | Found Hoorenwo's Armour Boutique.
  8088 | D:9      | Found Wiloot's General Store.
  8111 | D:9      | Found Sorhalie's Book Shoppe.
  8149 | D:9      | Noticed a two-headed ogre
  8156 | D:9      | Killed a two-headed ogre
  8156 | D:9      | Reached XP level 11. HP: 46/60 MP: 12/12
  8298 | D:9      | Noticed Prince Ribbit
  8311 | D:9      | Killed Prince Ribbit
  8334 | D:9      | Found Taklaet's Antique Armour Boutique.
  8470 | D:9      | Noticed Grum
  8479 | D:9      | Killed Grum
  8749 | D:7      | Reached *** piety under Vehumet
  8938 | D:10     | Entered Level 10 of the Dungeon
  9087 | D:6      | Bought an encrusted plate armour for 616 gold pieces
  9087 | D:6      | Identified the cursed +0 plate armour "Daruddiw" {rF- MR+ Int+3} (You bought it in a shop on level 6 of the Dungeon)
  9383 | D:10     | Offered knowledge of Inner Flame by Vehumet.
  9393 | D:10     | Found a staircase to the Orcish Mines.
  9587 | D:10     | Found a staircase to the Lair.
  9632 | D:10     | Reached **** piety under Vehumet
  9641 | D:10     | Offered knowledge of Ignite Poison by Vehumet.
  9666 | D:10     | Found a roughly hewn altar of Beogh.
  9734 | D:10     | Noticed Zdeegee's ghost (journeyman MiFi)
  9744 | D:10     | Killed Zdeegee's ghost
  9843 | D:10     | Reached skill level 1 in Dodging
 10101 | D:11     | Noticed a two-headed ogre
 10109 | D:11     | Reached skill level 5 in Armour
 10110 | D:11     | Killed a two-headed ogre
 10343 | D:11     | Noticed Urug
 10360 | D:11     | Killed Urug
 10368 | D:11     | Reached XP level 12. HP: 33/64 MP: 13/13
 10578 | D:11     | Found Qeiniy's General Store.
 10602 | D:11     | Found Fin Ollo's Jewellery Shoppe.
 10623 | D:11     | Reached ***** piety under Vehumet
 10624 | D:11     | Found Detax's Assorted Antiques.
 10648 | D:11     | Bought a scroll labeled HYTHAESTROS for 38 gold pieces
 10648 | D:11     | Bought a scroll labeled VASOCR WOITASH for 38 gold pieces
 10788 | D:11     | Reached skill level 5 in Shields
 10791 | D:11     | Offered knowledge of Throw Icicle by Vehumet.
 12329 | D:13     | Noticed a centaur warrior
 12339 | D:13     | Killed a centaur warrior
 12372 | D:13     | Got a bloodstained ring mail
 12440 | D:13     | Noticed Maurice
 12451 | D:13     | Reached XP level 13. HP: 56/68 MP: 14/14
 12459 | D:13     | Killed Maurice
 12492 | D:13     | Found a stormy altar of Qazlal.
 12521 | D:13     | Offered knowledge of Lee's Rapid Deconstruction by Vehumet.
 12999 | D:13     | Found a gate to the Vaults.
 13014 | D:13     | Reached skill level 15 in Axes
 13442 | D:11     | Bought a scroll of brand weapon for 220 gold pieces
 13498 | Lair:1   | Entered Level 1 of the Lair of Beasts
 13518 | Lair:1   | Reached skill level 5 in Dodging
 13554 | Lair:1   | Noticed Harold
 13574 | Lair:1   | Killed Harold
 13612 | Lair:1   | Noticed Fannar
 13647 | Lair:1   | Killed Fannar
 14120 | Lair:1   | Noticed Gastronok
 14136 | Lair:1   | Killed Gastronok
 14639 | Lair:2   | Reached skill level 4 in Fighting
 14790 | Lair:2   | Noticed a dire elephant
 14805 | Lair:2   | Gained mutation: Your large and strong wings let you fly indefinitely. [Gargoyle growth]
 14805 | Lair:2   | Reached XP level 14. HP: 50/76 MP: 15/15
 14806 | Lair:2   | Reached skill level 5 in Fighting
 14816 | Lair:2   | Killed a dire elephant
 14882 | Lair:2   | Reached skill level 6 in Fighting
 14940 | Lair:2   | Identified a scroll of acquirement
 15501 | Lair:3   | Learned a level 2 spell: Blink
 15667 | Lair:3   | Reached skill level 10 in Armour
 15768 | Lair:3   | Found a staircase to the Shoals.
 15965 | Lair:3   | Found a hole to the Spider Nest.
 16134 | Lair:3   | Reached skill level 7 in Fighting
 16365 | Lair:4   | Offered knowledge of Spellforged Servitor by Vehumet.
 16595 | Lair:4   | Reached skill level 8 in Fighting
 17323 | Lair:5   | Noticed Rupert
 17329 | Lair:5   | Paralysed by Rupert for 4 turns
 17339 | Lair:5   | Killed Rupert
 17474 | Lair:5   | Reached skill level 10 in Shields
 17805 | Lair:6   | Entered Level 6 of the Lair of Beasts
 17820 | Lair:6   | Reached skill level 9 in Fighting
 17846 | Lair:6   | Learned a level 1 spell: Apportation
 17866 | Lair:6   | Reached XP level 15. HP: 70/90 MP: 20/20
 18200 | Lair:5   | Reached skill level 10 in Fighting
 18467 | Lair:6   | Found a staircase to the Slime Pits.
 19246 | Lair:6   | Offered knowledge of Iskenderun's Battlesphere by Vehumet.
 19449 | Orc:1    | Entered Level 1 of the Orcish Mines
 19559 | Orc:2    | Entered Level 2 of the Orcish Mines
 19626 | Orc:2    | Paralysed by an orc sorcerer for 2 turns
 19685 | Orc:2    | Found a roughly hewn altar of Beogh.
 19689 | Orc:2    | Found Ysoy's Food Shoppe.
 19857 | Orc:2    | Found a roughly hewn altar of Beogh.
 19859 | Orc:2    | Reached skill level 5 in Spellcasting
 19936 | Orc:2    | Found a staircase to the Elven Halls.
 20047 | Orc:2    | Noticed an orc warlord
 20067 | Orc:2    | Paralysed by an orc sorcerer for 6 turns
 20184 | Orc:2    | Reached skill level 11 in Fighting
 20228 | Orc:2    | Found a roughly hewn altar of Beogh.
 20231 | Orc:2    | Reached ****** piety under Vehumet
 20249 | Orc:2    | Found a roughly hewn altar of Beogh.
 20272 | Orc:2    | Found a roughly hewn altar of Beogh.
 20350 | Orc:2    | Offered knowledge of Ozocubu's Refrigeration by Vehumet.
 20424 | Orc:2    | Found a roughly hewn altar of Beogh.
 20439 | Orc:2    | Found Mili's Weapon Emporium.
 20519 | Orc:2    | Found a roughly hewn altar of Beogh.
 20603 | Orc:2    | Found Birar's Antique Armour Boutique.
 20604 | Orc:2    | Found a roughly hewn altar of Beogh.
 20607 | Orc:2    | Found Faacza's Antique Weapon Shop.
 20707 | Orc:2    | Killed an orc warlord
 20881 | Spider:1 | Entered Level 1 of the Spider Nest
 20978 | Spider:1 | Noticed an emperor scorpion
 21009 | Spider:1 | Killed an emperor scorpion
 21148 | Spider:4 | Entered Level 4 of the Spider Nest
 21158 | Spider:4 | Reached XP level 16. HP: 85/101 MP: 24/24
 21191 | Spider:4 | Reached skill level 12 in Fighting
 21192 | Spider:4 | Offered knowledge of Bolt of Cold by Vehumet.
 22376 | Spider:4 | Reached skill level 13 in Fighting
 22412 | Spider:4 | Got a gossamer rune of Zot
 22688 | Spider:3 | Learned a level 6 spell: Bolt of Cold
 22767 | Spider:1 | Offered knowledge of Bolt of Fire by Vehumet.
 23038 | D:14     | Found a labyrinth entrance.
 23065 | Lab      | Entered a labyrinth
 23593 | Lab      | Got a smoking scale mail
 23604 | Lab      | Identified the cursed +0 scale mail of Insecurity {rN+ Regen+ Int+2} (You found it in a labyrinth)
 24006 | D:14     | Got a faintly glowing ruby amulet
 24028 | D:14     | Found a portal to a secret trove of treasure.
 24041 | D:14     | Identified the amulet of Gajyfi Ukhlin {Faith SInv Stlth+} (You found it on level 14 of the Dungeon)
 24394 | D:15     | Entered Level 15 of the Dungeon
 24413 | D:15     | Reached XP level 17. HP: 78/110 MP: 28/28
 25041 | D:15     | Reached skill level 14 in Fighting
 25320 | D:15     | Lost mutation: Your spells are a little harder to cast, but a little more powerful. [potion of mutation]
 25320 | D:15     | Gained mutation: Your mind is acute. (Int +2) [potion of mutation]
 25320 | D:15     | Gained mutation: Potions are less effective at restoring your health. [potion of mutation]
 25320 | D:15     | Gained mutation: You are somewhat resistant to further mutation. [potion of mutation]
 25320 | D:15     | Gained mutation: Your flesh is heat resistant. (rF+) [potion of mutation]
 25373 | D:15     | Offered knowledge of Fire Storm by Vehumet.
 25373 | D:15     | Offered knowledge of Glaciate by Vehumet.
 25373 | D:15     | Offered knowledge of Ignition by Vehumet.
 25567 | D:15     | Found a staircase to the Depths.
 26352 | Shoals:1 | Entered Level 1 of the Shoals
 27014 | Shoals:2 | Found Xioba's Food Boutique.
 27078 | Shoals:2 | Noticed Polyphemus
 27089 | Shoals:2 | Killed Polyphemus
 27404 | Shoals:2 | Reached skill level 15 in Fighting
 27486 | Shoals:2 | Noticed Nikola
 27506 | Shoals:2 | Killed Nikola
 27642 | Shoals:3 | Found Pesukuv's Gadget Shop.
 27868 | Shoals:4 | Entered Level 4 of the Shoals
 27899 | Shoals:4 | Got a flickering amber ring
 27900 | Shoals:4 | Identified the ring "Weaxiq" {AC+2 Str+5} (You found it on level 4 of the Shoals)
 27950 | Shoals:4 | Reached XP level 18. HP: 85/119 MP: 29/29
 27971 | Shoals:4 | Got a barnacled rune of Zot
 28224 | Shoals:4 | Noticed Ilsuiw
 28268 | Shoals:4 | Killed Ilsuiw
 28501 | Shoals:4 | Noticed Zdeegee's ghost (adept MiFi)
 28530 | Shoals:4 | Killed Zdeegee's ghost
 28575 | Shoals:4 | Reached skill level 16 in Fighting
 30305 | Elf:1    | Entered Level 1 of the Elven Halls
 31317 | Elf:1    | Found Mupinus's Magic Scroll Boutique.
 31646 | Elf:2    | Found a runed gate.
 31647 | Elf:2    | Found a runed gate.
 31648 | Elf:2    | Found a runed gate.
 32512 | Elf:2    | Reached XP level 19. HP: 127/127 MP: 30/30
 32558 | Elf:2    | Reached skill level 17 in Fighting
 32558 | Elf:2    | Reached skill level 15 in Armour
 32782 | Elf:3    | Entered Level 3 of the Elven Halls
 33477 | Elf:3    | Reached skill level 15 in Shields
 34480 | D:11     | Bought gold dragon scales for 3040 gold pieces
 34787 | Elf:3    | Reached skill level 10 in Dodging
 35315 | Vaults:1 | Entered Level 1 of the Vaults
 35478 | Vaults:1 | Found Xasist Jeka's Gadget Shop.
 36089 | Vaults:2 | Found a gateway to a bazaar.
 36096 | Bazaar   | Entered a bazaar
 36118 | Bazaar   | Found Deosagg's Armour Shop.
 36118 | Bazaar   | Found Inuawiets's Weapon Boutique.
 36152 | Bazaar   | Found Caoskimo's Antique Armour Boutique.
 36152 | Bazaar   | Found Laskoh's Book Shop.
 36737 | Vaults:2 | Paralysed by an ogre mage for 7 turns
 36755 | Vaults:2 | Reached XP level 20. HP: 38/135 MP: 31/31
 37379 | Vaults:3 | Found a staircase to the Crypt.
 37762 | Vaults:3 | Reached skill level 18 in Fighting
 37989 | Vaults:5 | Entered Level 5 of the Vaults
 38023 | Vaults:5 | Paralysed by an ogre mage for 7 turns
 38034 | Vaults:5 | Found Daav's Distillery.
 38054 | Vaults:5 | Noticed an ancient lich
 38054 | Vaults:5 | Bought a potion of agility for 48 gold pieces
 38054 | Vaults:5 | Bought a potion of heal wounds for 60 gold pieces
 38065 | Vaults:5 | Killed an ancient lich
 38070 | Vaults:5 | Mangled by a vault warden

Skill      XL: |  1  2  3  4  5  6  7  8  9 10 11 12 13 14 15 16 17 18 19 20 |
---------------+-------------------------------------------------------------+-----
Maces & Flails | 3 4 5 6 7 9 |  9.0
Spellcasting   | 1 3 5 7 |  7.3
Axes           | 5 10 12 13 14 15 | 15.4
Armour         | 6 7 9 10 12 13 14 15 16 | 16.4
Dodging        | 2 4 5 6 8 9 10 11 | 11.2
Shields        | 4 7 8 10 11 12 13 14 16 17 | 17.6
Fighting       | 4 9 11 13 15 16 17 18 | 18.2
Stealth        | |  0.5

Action                   |  1- 3 |  4- 6 |  7- 9 | 10-12 | 13-15 | 16-18 | 19-21 || total
-------------------------+-------+-------+-------+-------+-------+-------+-------++-------
Melee: Flail             |   144 |   277 |   110 |       |       |       |       ||   531
       War axe           |       |       |   176 |   544 |  1028 |  1322 |   671 ||  3741
 Abil: Fly               |       |       |       |       |     1 |     2 |       ||     3
       Stop Flying       |       |       |       |       |     1 |     1 |     1 ||     3
Evoke: Wand              |       |       |     3 |       |     6 |    15 |     1 ||    25
  Use: Scroll            |     5 |     5 |     4 |    11 |    12 |    25 |    21 ||    83
       Potion            |     3 |     3 |     8 |     9 |     9 |     6 |     7 ||    45
 Stab: Invisible         |       |       |       |     2 |     9 |       |       ||    11
       Distracted        |       |       |       |       |     1 |     1 |     2 ||     4
       Petrified         |       |       |       |       |       |     4 |       ||     4
  Eat: Chunk             |     1 |     2 |       |     3 |     4 |       |       ||    10
       Bread ration      |     1 |       |     1 |       |     2 |     8 |       ||    12
       Fruit             |       |     1 |     1 |       |     3 |     1 |     2 ||     8
       Royal jelly       |       |     1 |       |       |       |     3 |       ||     4
       Meat ration       |       |       |     1 |     3 |     5 |       |     2 ||    11
Armor: Scale mail        |    41 |       |       |       |       |       |       ||    41
       Plate armour      |    82 |   283 |   167 |   414 |   515 |   729 |    43 ||  2233
       Ring mail         |       |    16 |       |       |       |       |       ||    16
       Gold dragon scale |       |       |       |       |       |       |   280 ||   280
       Skin              |       |       |       |       |       |       |    20 ||    20
Dodge: Dodged            |    43 |    86 |    47 |   110 |   287 |   422 |   220 ||  1215
       Deflected         |       |       |       |     1 |    13 |    32 |    27 ||    73
Block: Shield            |    91 |   215 |   151 |   289 |   608 |   973 |   389 ||  2716
       Large shield      |       |       |       |       |       |    22 |   177 ||   199
       Reflection        |       |       |       |       |       |       |    34 ||    34
